AoeStats
← Borges

Arabia

510437901Analyzed
1v1 RM · 11h ago on Oct 1, 2026· 66m 56s· 2 players
Game mode
Random Map
Map size
Tiny (2 player)
Population
200
Speed
Normal
Resources
Standard
Victory
Conquest
Starting age
Dark Age
Ending age
Imperial Age
RankedLock teamsTeams togetherTeam positionsShared explorationLock speedFull tech treeHidden civsTurbo modeCheats
Victory
Defeat
🇹🇼 Japanese · Taiwan
966
+17
🇨🇱 Mongols · Chile
981
-17
slryze4264
6:29 Loom
9:09 Feudal Age
10:22 Man-at-Arms
12:34 Arson
15:25 Scale Mail Armor
21:38 Castle Age
19:45 Fletching
19:57 Double-Bit Axe
20:01 Horse Collar
21:50 Long Swordsman
23:55 Elite Skirmisher
25:01 Pikeman
25:41 Squires
27:42 Chain Mail Armor
27:22 Bodkin Arrow
31:39 Ballistics
31:03 Treadmill Crane
38:25 Bow Saw
41:35 Imperial Age
39:45 Wheelbarrow
41:16 Gold Mining
41:38 Forging
41:28 Padded Archer Armor
41:39 Thumb Ring
42:03 Halberdier
43:18 Conscription
43:35 Parthian Tactics
42:30 Heavy Cavalry Archer
48:31 Elite Samurai
49:33 Kataparuto
50:29 Chemistry
49:36 Siege Engineers
64:35 Town Watch
65:06 Hand Cart
Borges
10:28 Feudal Age
11:24 Double-Bit Axe
13:17 Loom
16:55 Gold Mining
20:08 Fletching
22:44 Castle Age
25:58 Bow Saw
29:22 Husbandry
31:35 Bloodlines
31:55 Ballistics
33:54 Scale Barding Armor
34:59 Chain Barding Armor
39:49 Wheelbarrow
39:56 Gold Shaft Mining
39:13 Stone Mining
42:16 Imperial Age
39:33 Town Watch
44:04 Town Patrol
44:25 Hand Cart
44:24 Capped Ram
44:48 Cavalier
46:02 Siege Ram
49:06 Cavalier
Connection lost

Rejoining the realm…

Still unreachable

The connection could not be restored.

Session expired

The server has moved on; the page needs a fresh start.